| Goals | Penalties |
1. Stars , Jesper Froden 8 (Ethen Frank 9) at 17:56
|
Givani Smith (FLO) for High sticking (Minor) at 19:22
|
No Goal
|
No Penalty
|
2. Stars , Tyler Pitlick 2 (MacKenzie Entwistle 1, Isaak Phillips 4) at 0:23
3. Stars , Drake Caggiula 7 (Ethen Frank 10) at 9:32
4. Stars , Drake Caggiula 8 (Jesper Froden 9, Ethen Frank 11) at 13:03
5. Stars , Drake Caggiula 9 (Ethen Frank 12, Matthew Murray) at 15:02
|
Givani Smith (FLO) for Fighting (Major) at 13:16 Ryan Shea (DAL) for Fighting (Major) at 13:16 Tyler Pitlick (DAL) for Delaying the game (Minor) at 16:56
|
|
Matthew Murray (DAL), 11 saves from 11 shots - (1,000), W, 18-28-10, 60:00 minutes
Matt Tomkins (FLO), 31 saves from 36 shots - (0,861), L, 20-27-8, 60:00 minutes
|
|
1 - Drake Caggiula (DAL)
2 - Ethen Frank (DAL)
3 - Jesper Froden (DAL)
|
Referees : François St-Laurent and Jean Hebert
Linesman : Kyle Flemington and Jessica Chartrand
|
|
Givani Smith and Ryan Shea fight to a draw at 13:16 of 3rd period
Drake Caggiula has scored a Hat Trick!
|
| Team Name |
Goals |
Shots |
Shots Attemp |
Shots Blocked |
PIM |
HIT |
PP |
PK |
FO% |
| Stars |
5 | 36 | 65 | 8 | 7 | 21 | 0 / 1 (0%) | 0 | 67% |
| Checkers 1 |
0 | 11 | 26 | 14 | 7 | 23 | 0 / 1 (0%) | 0 | 33% |
Stars
| Player Name |
POS |
G |
A |
P |
+/- |
PIM |
HIT |
SHT |
SB |
MP |
PP MP |
PP SHT |
PK MP |
PK SHT |
FO% |
FOT |
GA |
TA |
| Calle Rosen | D | 0 | 0 | 0 | 1 | 0 | 0 | 1 | 0 | 17:58 | 0:33 | 0 | 0:37 | 0 | 0% |
0 | 0 | 0 |
| Chris Terry | C/LW/RW | 0 | 0 | 0 | 1 | 0 | 1 | 0 | 0 | 17:16 | 0:32 | 0 | 0:00 | 0 | 80% |
10 | 1 | 0 |
| Drake Caggiula | LW/RW | 3 | 0 | 3 | 3 | 0 | 2 | 5 | 0 | 17:07 | 0:00 | 0 | 0:44 | 0 | 0% |
0 | 0 | 0 |
| Ethan Prow | D | 0 | 0 | 0 | 1 | 0 | 0 | 0 | 0 | 6:10 | 0:00 | 0 | 0:00 | 0 | 0% |
0 | 0 | 0 |
| Ethen Frank | C | 0 | 4 | 4 | 3 | 0 | 1 | 2 | 0 | 15:37 | 0:00 | 0 | 0:00 | 0 | 80% |
5 | 0 | 0 |
| Isaak Phillips | D | 0 | 1 | 1 | 3 | 0 | 0 | 0 | 0 | 21:47 | 1:26 | 0 | 1:22 | 0 | 0% |
0 | 1 | 0 |
| Jake Livingstone | D | 0 | 0 | 0 | 0 | 0 | 1 | 2 | 1 | 15:48 | 0:00 | 0 | 0:00 | 0 | 0% |
0 | 0 | 0 |
| Jakub Lauko | LW/RW | 0 | 0 | 0 | 1 | 0 | 1 | 3 | 0 | 17:43 | 0:32 | 0 | 0:07 | 0 | 0% |
0 | 1 | 0 |
| Jayson Megna | C/LW/RW | 0 | 0 | 0 | 1 | 0 | 2 | 3 | 1 | 19:41 | 1:27 | 1 | 0:30 | 0 | 0% |
0 | 1 | 0 |
| Jesper Froden | RW | 1 | 1 | 2 | 3 | 0 | 1 | 3 | 1 | 16:15 | 0:00 | 0 | 0:43 | 0 | 0% |
1 | 0 | 0 |
| Jimmy Huntington | C | 0 | 0 | 0 | 0 | 0 | 1 | 0 | 0 | 7:24 | 0:00 | 0 | 0:46 | 0 | 100% |
1 | 0 | 0 |
| Joe Hicketts | D | 0 | 0 | 0 | 1 | 0 | 0 | 1 | 2 | 16:15 | 0:00 | 0 | 0:49 | 0 | 0% |
0 | 0 | 0 |
| Kevin Connauton | D | 0 | 0 | 0 | 1 | 0 | 0 | 1 | 1 | 17:58 | 0:33 | 0 | 0:37 | 0 | 0% |
0 | 0 | 0 |
| MacKenzie Entwistle | C/LW | 0 | 1 | 1 | 1 | 0 | 1 | 3 | 0 | 23:33 | 1:27 | 0 | 1:08 | 0 | 65% |
23 | 0 | 0 |
| Nikita Nesterenko | C | 0 | 0 | 0 | 0 | 0 | 1 | 0 | 0 | 3:39 | 0:00 | 0 | 0:00 | 0 | 0% |
0 | 0 | 1 |
| Pavel Dorofeyev | LW/RW | 0 | 0 | 0 | 1 | 0 | 2 | 6 | 0 | 17:16 | 0:32 | 0 | 0:00 | 0 | 0% |
1 | 1 | 0 |
| Ryan Shea | D | 0 | 0 | 0 | 3 | 5 | 3 | 1 | 2 | 24:14 | 1:26 | 0 | 0:40 | 0 | 0% |
0 | 0 | 2 |
| Tyler Pitlick | RW | 1 | 0 | 1 | 1 | 2 | 4 | 5 | 0 | 22:25 | 1:27 | 0 | 0:00 | 0 | 0% |
1 | 1 | 0 |
Checkers 1
| Player Name |
POS |
G |
A |
P |
+/- |
PIM |
HIT |
SHT |
SB |
MP |
PP MP |
PP SHT |
PK MP |
PK SHT |
FO% |
FOT |
GA |
TA |
| Alex Green | D | 0 | 0 | 0 | 0 | 0 | 1 | 0 | 2 | 14:05 | 0:00 | 0 | 0:36 | 0 | 0% |
0 | 0 | 0 |
| Axel Andersson | D | 0 | 0 | 0 | 0 | 0 | 0 | 0 | 0 | 0:08 | 0:00 | 0 | 0:00 | 0 | 0% |
0 | 0 | 0 |
| Bobby Trivigno | LW | 0 | 0 | 0 | -1 | 0 | 3 | 1 | 1 | 21:39 | 1:01 | 0 | 1:26 | 0 | 0% |
0 | 0 | 1 |
| Chase Priskie | D | 0 | 0 | 0 | -5 | 0 | 1 | 3 | 3 | 26:09 | 0:54 | 0 | 0:30 | 0 | 0% |
0 | 1 | 3 |
| Devante Stephens | D | 0 | 0 | 0 | -3 | 0 | 2 | 0 | 1 | 19:39 | 1:10 | 0 | 0:07 | 0 | 0% |
0 | 0 | 1 |
| Givani Smith | LW/RW | 0 | 0 | 0 | -1 | 7 | 4 | 1 | 1 | 20:01 | 0:27 | 0 | 0:00 | 0 | 31% |
16 | 0 | 0 |
| Jack Finley | C | 0 | 0 | 0 | -2 | 0 | 1 | 1 | 0 | 15:29 | 0:45 | 0 | 0:00 | 0 | 22% |
9 | 0 | 0 |
| Karson Kuhlman | RW | 0 | 0 | 0 | 0 | 0 | 1 | 0 | 0 | 15:50 | 0:00 | 0 | 0:00 | 0 | 0% |
0 | 1 | 0 |
| Luke Prokop | D | 0 | 0 | 0 | -1 | 0 | 1 | 0 | 0 | 9:42 | 0:47 | 0 | 0:00 | 0 | 0% |
0 | 0 | 0 |
| Martin Chromiak | RW | 0 | 0 | 0 | -1 | 0 | 4 | 0 | 0 | 21:48 | 0:41 | 0 | 1:23 | 0 | 33% |
6 | 1 | 0 |
| Matt Donovan | D | 0 | 0 | 0 | 0 | 0 | 0 | 0 | 0 | 4:37 | 0:22 | 0 | 0:00 | 0 | 0% |
0 | 0 | 0 |
| Maxence Guenette | D | 0 | 0 | 0 | -1 | 0 | 0 | 3 | 2 | 28:07 | 0:33 | 0 | 1:23 | 0 | 0% |
0 | 0 | 1 |
| Mitchell Stephens | C | 0 | 0 | 0 | -2 | 0 | 0 | 1 | 1 | 17:15 | 0:58 | 0 | 0:00 | 0 | 50% |
2 | 0 | 0 |
| Sam Colangelo | RW | 0 | 0 | 0 | -1 | 0 | 0 | 0 | 1 | 15:25 | 0:35 | 0 | 0:00 | 0 | 50% |
2 | 0 | 0 |
| Sean Day | D | 0 | 0 | 0 | -1 | 0 | 1 | 0 | 2 | 22:28 | 0:40 | 0 | 1:52 | 0 | 0% |
0 | 0 | 0 |
| Semyon Der-Arguchintsev | C | 0 | 0 | 0 | -2 | 0 | 2 | 0 | 0 | 19:53 | 0:00 | 0 | 0:00 | 0 | 50% |
6 | 0 | 0 |
| Steven Lorentz | C/LW/RW | 0 | 0 | 0 | -4 | 0 | 2 | 1 | 0 | 23:41 | 1:02 | 0 | 0:39 | 0 | 0% |
1 | 0 | 0 |
| Tobias Bjornfot | D | 0 | 0 | 0 | 0 | 0 | 0 | 0 | 0 | 2:03 | 0:00 | 0 | 0:00 | 0 | 0% |
0 | 0 | 0 |
Stars
| 5 vs 5 Forward |
|---|
| Line # | Left Wing | Center | Right Wing | PHY | DF | OF | Wanted % | Time % | Time Play |
| 1 | Jayson Megna | MacKenzie Entwistle | Tyler Pitlick | 1 | 2 | 2 | 40 | 32% | 18:00
|
| 2 | Jakub Lauko | Chris Terry | Pavel Dorofeyev | 1 | 2 | 2 | 30 | 30% | 16:43
|
| 3 | Drake Caggiula | Ethen Frank | Jesper Froden | 1 | 2 | 2 | 20 | 27% | 15:21
|
| 4 | Tyler Pitlick | Jimmy Huntington | MacKenzie Entwistle | 1 | 2 | 2 | 10 | 11% | 5:58
|
| 5 vs 5 Defense |
|---|
| Line # | Defense | Defense | | PHY | DF | OF | Wanted % | Time % | Time Play |
| 1 | Ryan Shea | Isaak Phillips | | 1 | 2 | 2 | 40 | 34% | 18:59
|
| 2 | Calle Rosen | Kevin Connauton | | 1 | 2 | 2 | 30 | 30% | 16:48
|
| 3 | Jake Livingstone | Joe Hicketts | | 1 | 2 | 2 | 20 | 25% | 14:09
|
| 4 | Ethan Prow | Ryan Shea | | 1 | 2 | 2 | 10 | 11% | 6:06
|
| Power Play Forward |
|---|
| Line # | Left Wing | Center | Right Wing | PHY | DF | OF | Wanted % | Time % | Time Play |
| 1 | Jayson Megna | MacKenzie Entwistle | Tyler Pitlick | 1 | 2 | 2 | 60 | 73% | 1:27
|
| 2 | Jakub Lauko | Chris Terry | Pavel Dorofeyev | 1 | 2 | 2 | 40 | 27% | 0:32
|
| Power Play Defense |
|---|
| Line # | Defense | Defense | | PHY | DF | OF | Wanted % | Time % | Time Play |
| 1 | Ryan Shea | Isaak Phillips | | 1 | 2 | 2 | 60 | 72% | 1:26
|
| 2 | Calle Rosen | Kevin Connauton | | 1 | 2 | 2 | 40 | 28% | 0:33
|
| Penalty Kill 4 Players Forward |
|---|
| Line # | Center | Wing | PHY | DF | OF | Wanted % | Time % | Time Play |
| 1 | Tyler Pitlick | MacKenzie Entwistle | 1 | 2 | 2 | 60 | 100% | 1:59
|
| 2 | Jayson Megna | Jakub Lauko | 1 | 2 | 2 | 40 | 0% | 0:00
|
| Penalty Kill 4 Players Defense |
|---|
| Line # | Defense | Defense | PHY | DF | OF | Wanted % | Time % | Time Play |
| 1 | Ryan Shea | Isaak Phillips | 1 | 2 | 2 | 60 | 69% | 1:22
|
| 2 | Calle Rosen | Kevin Connauton | 1 | 2 | 2 | 40 | 31% | 0:37
|
| Penalty Kill 3 Players |
|---|
| Line # | Wing | PHY | DF | OF | Wanted % | Time % | Time Play | Defense | Defense | PHY | DF | OF | Wanted % | Time % | Time Play |
| 1 | Tyler Pitlick | 1 | 2 | 2 | 60 | 0% | 0:00
| Ryan Shea | Isaak Phillips | 1 | 2 | 2 | 60 | 0% | 0:00
|
| 2 | MacKenzie Entwistle | 1 | 2 | 2 | 40 | 0% | 0:00
| Calle Rosen | Kevin Connauton | 1 | 2 | 2 | 40 | 0% | 0:00
|
| 4 vs 4 Forward |
|---|
| Line # | Center | Wing | PHY | DF | OF | Wanted % | Time % | Time Play |
| 1 | Tyler Pitlick | MacKenzie Entwistle | 1 | 2 | 2 | 60 | 0% | 0:00
|
| 2 | Jayson Megna | Jakub Lauko | 1 | 2 | 2 | 40 | 0% | 0:00
|
| 4 vs 4 Defense |
|---|
| Line # | Defense | | PHY | DF | OF | Wanted % | Time % | Time Play |
| 1 | Ryan Shea | Isaak Phillips | 1 | 2 | 2 | 60 | 0% | 0:00
|
| 2 | Calle Rosen | Kevin Connauton | 1 | 2 | 2 | 40 | 0% | 0:00
|
| Last Minutes Offensive |
|---|
| Left Wing | Center | Right Wing | Defense | Defense |
| Jayson Megna | MacKenzie Entwistle | Tyler Pitlick | Ryan Shea | Isaak Phillips |
| Last Minutes Defensive |
|---|
| Left Wing | Center | Right Wing | Defense | Defense |
| Jayson Megna | MacKenzie Entwistle | Tyler Pitlick | Ryan Shea | Isaak Phillips |
| Time |
|---|
| Total Forward | Total Defense | Last Minutes Offensive | Last Minutes Defensive |
| 60:00 |
60:00 |
0:00 | 0:00 |
| Extra Forwards |
|---|
| Normal | PowerPlay | Penalty Kill |
|
Nikita Nesterenko, Ethen Frank, Jesper Froden | Nikita Nesterenko, Ethen Frank | Jesper Froden |
| Extra Defensemen |
|---|
| Normal | PowerPlay | Penalty Kill |
|
Jake Livingstone, Joe Hicketts, Ethan Prow | Jake Livingstone, Joe Hicketts | Ethan Prow |
| Penalty Shots |
|---|
|
Tyler Pitlick, MacKenzie Entwistle, Jayson Megna, Jakub Lauko, Pavel Dorofeyev |
| Goalie |
|---|
| Matthew Murray, Brandon Halverson |
| Scratches |
|---|
|
Logan Morrison (Healthy), Joel L'Esperance (Healthy), Adam Brooks (Healthy), Josh Melnick (Healthy), Austin Wagner (Healthy)
Joseph Cecconi (Healthy), Otto Koivula (Healthy), Joona Koppanen (Healthy), Zach Senyshyn (Healthy), Cameron Crotty (Healthy)
Cole Maier (Healthy), Byron Froese (Healthy), Felix Robert (Healthy), Cole Clayton (Healthy), Zac Dalpe (Healthy)
Marc McLaughlin (Healthy), Philippe Daoust (Healthy), Eddie Wittchow (Healthy), Noah Philp (Healthy), Peetro Seppala (Healthy)
Tyler Inamoto (Healthy), Jeremy Brodeur (Healthy) |
Checkers 1
| 5 vs 5 Forward |
|---|
| Line # | Left Wing | Center | Right Wing | PHY | DF | OF | Wanted % | Time % | Time Play |
| 1 | Bobby Trivigno | Givani Smith | Steven Lorentz | 1 | 2 | 2 | 40 | 33% | 18:29
|
| 2 | Steven Lorentz | Jack Finley | Mitchell Stephens | 1 | 2 | 2 | 30 | 26% | 14:30
|
| 3 | Karson Kuhlman | Semyon Der-Arguchintsev | Martin Chromiak | 1 | 2 | 2 | 20 | 24% | 13:32
|
| 4 | Semyon Der-Arguchintsev | Sam Colangelo | Martin Chromiak | 1 | 2 | 2 | 10 | 17% | 9:31
|
| 5 vs 5 Defense |
|---|
| Line # | Defense | Defense | | PHY | DF | OF | Wanted % | Time % | Time Play |
| 1 | Maxence Guenette | Sean Day | | 1 | 2 | 2 | 40 | 38% | 21:01
|
| 2 | Chase Priskie | Maxence Guenette | | 1 | 2 | 2 | 30 | 21% | 11:31
|
| 3 | Chase Priskie | Devante Stephens | | 1 | 2 | 2 | 20 | 24% | 13:38
|
| 4 | Alex Green | Maxence Guenette | | 1 | 2 | 2 | 10 | 18% | 9:52
|
| Power Play Forward |
|---|
| Line # | Left Wing | Center | Right Wing | PHY | DF | OF | Wanted % | Time % | Time Play |
| 1 | Bobby Trivigno | Martin Chromiak | Steven Lorentz | 1 | 0 | 4 | 60 | 62% | 1:14
|
| 2 | Martin Chromiak | Jack Finley | Bobby Trivigno | 1 | 2 | 2 | 40 | 38% | 0:45
|
| Power Play Defense |
|---|
| Line # | Defense | Defense | | PHY | DF | OF | Wanted % | Time % | Time Play |
| 1 | Maxence Guenette | Sean Day | | 1 | 2 | 2 | 60 | 46% | 0:55
|
| 2 | Devante Stephens | Sean Day | | 1 | 2 | 2 | 40 | 54% | 1:04
|
| Penalty Kill 4 Players Forward |
|---|
| Line # | Center | Wing | PHY | DF | OF | Wanted % | Time % | Time Play |
| 1 | Martin Chromiak | Bobby Trivigno | 1 | 2 | 2 | 60 | 100% | 1:59
|
| 2 | Bobby Trivigno | Martin Chromiak | 1 | 2 | 2 | 40 | 0% | 0:00
|
| Penalty Kill 4 Players Defense |
|---|
| Line # | Defense | Defense | PHY | DF | OF | Wanted % | Time % | Time Play |
| 1 | Maxence Guenette | Sean Day | 1 | 2 | 2 | 60 | 70% | 1:23
|
| 2 | Alex Green | Sean Day | 1 | 2 | 2 | 40 | 30% | 0:36
|
| Penalty Kill 3 Players |
|---|
| Line # | Wing | PHY | DF | OF | Wanted % | Time % | Time Play | Defense | Defense | PHY | DF | OF | Wanted % | Time % | Time Play |
| 1 | Bobby Trivigno | 1 | 2 | 2 | 60 | 0% | 0:00
| Maxence Guenette | Sean Day | 1 | 2 | 2 | 60 | 0% | 0:00
|
| 2 | Bobby Trivigno | 1 | 2 | 2 | 40 | 0% | 0:00
| Maxence Guenette | Sean Day | 1 | 2 | 2 | 40 | 0% | 0:00
|
| 4 vs 4 Forward |
|---|
| Line # | Center | Wing | PHY | DF | OF | Wanted % | Time % | Time Play |
| 1 | Martin Chromiak | Bobby Trivigno | 1 | 2 | 2 | 60 | 0% | 0:00
|
| 2 | Bobby Trivigno | Martin Chromiak | 1 | 2 | 2 | 40 | 0% | 0:00
|
| 4 vs 4 Defense |
|---|
| Line # | Defense | | PHY | DF | OF | Wanted % | Time % | Time Play |
| 1 | Devante Stephens | Sean Day | 1 | 2 | 2 | 60 | 0% | 0:00
|
| 2 | Sean Day | Chase Priskie | 1 | 2 | 2 | 40 | 0% | 0:00
|
| Last Minutes Offensive |
|---|
| Left Wing | Center | Right Wing | Defense | Defense |
| Bobby Trivigno | Givani Smith | Steven Lorentz | Maxence Guenette | Sean Day |
| Last Minutes Defensive |
|---|
| Left Wing | Center | Right Wing | Defense | Defense |
| Bobby Trivigno | Givani Smith | Steven Lorentz | Maxence Guenette | Sean Day |
| Time |
|---|
| Total Forward | Total Defense | Last Minutes Offensive | Last Minutes Defensive |
| 60:00 |
60:00 |
0:00 | 0:00 |
| Extra Forwards |
|---|
| Normal | PowerPlay | Penalty Kill |
|
Martin Chromiak, Bobby Trivigno, Steven Lorentz | Martin Chromiak, Bobby Trivigno | Martin Chromiak |
| Extra Defensemen |
|---|
| Normal | PowerPlay | Penalty Kill |
|
Devante Stephens, Alex Green, Sean Day | Devante Stephens, Devante Stephens | Alex Green |
| Penalty Shots |
|---|
|
Givani Smith, Steven Lorentz, Bobby Trivigno, Semyon Der-Arguchintsev, Martin Chromiak |
| Goalie |
|---|
| Matt Tomkins, Ryan Bednard |
| Scratches |
|---|
|
Marcel Marcel (Healthy), Mason Millman (Healthy), Luke Henman (Healthy), Pierre-Cedric Labrie (Healthy), Andrei Bakanov (Healthy)
Dmitry Ovchinnikov (Healthy), Mikael Pyyhtia (Healthy), Tommy Nappier (Healthy), Nolan Maier (Healthy) |
Play-by-Play
1st period
0:01 of 1st period - Givani Smith wins face-off versus Tyler Pitlick in neutral zone.
1:29 of 1st period - Slapshot by Jakub Lauko.
1:29 of 1st period - Shot Blocked by Sam Colangelo.
1:35 of 1st period - Wrist shot by Pavel Dorofeyev.
1:35 of 1st period - Stopped by Matt Tomkins without a rebound.
1:36 of 1st period - Jack Finley wins face-off versus Chris Terry in Checkers 1 zone.
1:41 of 1st period - Wrist shot by Jakub Lauko.
1:41 of 1st period - Shot Misses the Net.
1:43 of 1st period - Wrist shot by Ryan Shea.
1:43 of 1st period - Deflect By Pavel Dorofeyev.
1:43 of 1st period - Stopped by Matt Tomkins without a rebound.
1:44 of 1st period - MacKenzie Entwistle wins face-off versus Jack Finley in Checkers 1 zone.
1:49 of 1st period - Snap shot by MacKenzie Entwistle.
1:49 of 1st period - Deflect By Tyler Pitlick.
1:49 of 1st period - Stopped by Matt Tomkins without a rebound.
1:50 of 1st period - MacKenzie Entwistle wins face-off versus Givani Smith in Checkers 1 zone.
2:03 of 1st period - Slapshot by Jayson Megna.
2:03 of 1st period - Stopped by Matt Tomkins without a rebound.
2:04 of 1st period - MacKenzie Entwistle wins face-off versus Jack Finley in Checkers 1 zone.
2:42 of 1st period - Kevin Connauton is hit by Martin Chromiak and loses puck.
3:03 of 1st period - Snap shot by Jesper Froden.
3:03 of 1st period - Stopped by Matt Tomkins with a rebound.
3:05 of 1st period - Wrist shot by Ethen Frank.
3:05 of 1st period - Stopped by Matt Tomkins with a rebound.
4:34 of 1st period - Snap shot by Ethen Frank.
4:34 of 1st period - Shot Misses the Net.
4:36 of 1st period - Slapshot by Jesper Froden.
4:36 of 1st period - Stopped by Matt Tomkins with a rebound.
4:44 of 1st period - Snap shot by Drake Caggiula.
4:44 of 1st period - Stopped by Matt Tomkins without a rebound.
4:45 of 1st period - MacKenzie Entwistle wins face-off versus Semyon Der-Arguchintsev in Checkers 1 zone.
4:52 of 1st period - Wrist shot by Tyler Pitlick.
4:52 of 1st period - Shot Misses the Net.
5:20 of 1st period - Snap shot by Pavel Dorofeyev.
5:20 of 1st period - Stopped by Matt Tomkins without a rebound.
5:21 of 1st period - Chris Terry wins face-off versus Martin Chromiak in Checkers 1 zone.
5:22 of 1st period - Slapshot by Pavel Dorofeyev.
5:22 of 1st period - Shot Misses the Net.
5:24 of 1st period - Snap shot by Jakub Lauko.
5:24 of 1st period - Shot Misses the Net.
5:32 of 1st period - Backhand shot by Pavel Dorofeyev.
5:32 of 1st period - Stopped by Matt Tomkins with a rebound.
5:34 of 1st period - Slapshot by Joe Hicketts.
5:34 of 1st period - Stopped by Matt Tomkins with a rebound.
5:36 of 1st period - Slapshot by Jake Livingstone.
5:36 of 1st period - Stopped by Matt Tomkins with a rebound.
5:46 of 1st period - Jake Livingstone is hit by Devante Stephens.
5:50 of 1st period - Wrist shot by Jack Finley.
5:50 of 1st period - Shot Blocked by Joe Hicketts.
5:52 of 1st period - Snap shot by Mitchell Stephens.
5:52 of 1st period - Shot Blocked by Joe Hicketts.
8:11 of 1st period - Chris Terry is hit by Devante Stephens and loses puck.
9:44 of 1st period - Icing by MacKenzie Entwistle.
9:45 of 1st period - Semyon Der-Arguchintsev wins face-off versus MacKenzie Entwistle in Stars zone.
10:04 of 1st period - Ryan Shea is hit by Semyon Der-Arguchintsev and loses puck.
10:31 of 1st period - Chase Priskie is hit by Tyler Pitlick and loses puck.
13:37 of 1st period - MacKenzie Entwistle is hit by Steven Lorentz and loses puck.
14:42 of 1st period - Semyon Der-Arguchintsev is hit by Pavel Dorofeyev and loses puck.
16:47 of 1st period - Karson Kuhlman is hit by Jimmy Huntington.
17:09 of 1st period - Chase Priskie is hit by Ryan Shea and loses puck.
17:31 of 1st period - Icing by Kevin Connauton.
17:32 of 1st period - Chris Terry wins face-off versus Mitchell Stephens in Stars zone.
17:54 of 1st period - Snap shot by MacKenzie Entwistle.
17:54 of 1st period - Stopped by Matt Tomkins without a rebound.
17:55 of 1st period - Ethen Frank wins face-off versus Jack Finley in Checkers 1 zone.
17:56 of 1st period - Snap shot by Jesper Froden.
17:56 of 1st period - Goal by Jesper Froden - Stars : 1 - Checkers 1 : 0.
17:57 of 1st period - Givani Smith wins face-off versus MacKenzie Entwistle in neutral zone.
18:24 of 1st period - Maxence Guenette is hit by Ethen Frank and loses puck.
18:29 of 1st period - Slapshot by Drake Caggiula.
18:29 of 1st period - Shot Blocked by Chase Priskie.
18:31 of 1st period - Slapshot by Kevin Connauton.
18:31 of 1st period - Shot Misses the Net.
18:33 of 1st period - Slapshot by Calle Rosen.
18:33 of 1st period - Stopped by Matt Tomkins with a rebound.
18:53 of 1st period - Snap shot by Mitchell Stephens.
18:53 of 1st period - Deflect By Steven Lorentz.
18:53 of 1st period - Shot Blocked by Kevin Connauton.
18:53 of 1st period - Puck is out of play.
18:54 of 1st period - Mitchell Stephens wins face-off versus MacKenzie Entwistle in Stars zone.
18:55 of 1st period - Slapshot by Steven Lorentz.
18:55 of 1st period - Stopped by Matthew Murray with a rebound.
18:57 of 1st period - Slapshot by Maxence Guenette.
18:57 of 1st period - Stopped by Matthew Murray with a rebound.
18:59 of 1st period - Slapshot by Chase Priskie.
18:59 of 1st period - Stopped by Matthew Murray without a rebound.
19:00 of 1st period - MacKenzie Entwistle wins face-off versus Givani Smith in Stars zone.
19:09 of 1st period - Slapshot by Ryan Shea.
19:09 of 1st period - Deflect By Steven Lorentz.
19:09 of 1st period - Stopped by Matt Tomkins with a rebound.
19:22 of 1st period - Minor Penalty to Givani Smith for High sticking.
19:23 of 1st period - MacKenzie Entwistle wins face-off versus Martin Chromiak in Checkers 1 zone.
19:30 of 1st period - Slapshot by Jayson Megna.
19:30 of 1st period - Stopped by Matt Tomkins without a rebound.
19:31 of 1st period - Martin Chromiak wins face-off versus MacKenzie Entwistle in Checkers 1 zone.
19:54 of 1st period - Sean Day is hit by Tyler Pitlick and loses puck.
Goals for this period are 1 for Stars vs 0 for Checkers 1.
Shots for this period are 17 for Stars vs 3 for Checkers 1.
2nd period
0:01 of 2nd period - MacKenzie Entwistle wins face-off versus Martin Chromiak in neutral zone.
1:22 of 2nd period - Penalty to Givani Smith is over, Givani Smith is back on ice.
1:31 of 2nd period - Snap shot by Chase Priskie.
1:31 of 2nd period - Shot Blocked by Jesper Froden.
1:33 of 2nd period - Slapshot by Maxence Guenette.
1:33 of 2nd period - Stopped by Matthew Murray without a rebound.
1:34 of 2nd period - Jack Finley wins face-off versus Pavel Dorofeyev in Stars zone.
1:47 of 2nd period - Snap shot by Jakub Lauko.
1:47 of 2nd period - Stopped by Matt Tomkins with a rebound.
1:49 of 2nd period - Snap shot by Pavel Dorofeyev.
1:49 of 2nd period - Shot Blocked by Mitchell Stephens.
2:01 of 2nd period - Ethen Frank is hit by Martin Chromiak and loses puck.
4:41 of 2nd period - Backhand shot by MacKenzie Entwistle.
4:41 of 2nd period - Stopped by Matt Tomkins with a rebound.
4:43 of 2nd period - Backhand shot by Tyler Pitlick.
4:43 of 2nd period - Stopped by Matt Tomkins with a rebound.
5:32 of 2nd period - Jack Finley is hit by Ryan Shea and loses puck.
7:22 of 2nd period - Devante Stephens is hit by Nikita Nesterenko and loses puck.
7:30 of 2nd period - Icing by Chase Priskie.
7:31 of 2nd period - Jimmy Huntington wins face-off versus Givani Smith in Checkers 1 zone.
7:48 of 2nd period - Slapshot by Chase Priskie.
7:48 of 2nd period - Shot Misses the Net.
7:50 of 2nd period - Snap shot by Karson Kuhlman.
7:50 of 2nd period - Shot Misses the Net.
8:16 of 2nd period - Snap shot by Pavel Dorofeyev.
8:16 of 2nd period - Deflect By Chris Terry.
8:16 of 2nd period - Shot Blocked by Maxence Guenette.
8:16 of 2nd period - Puck is out of play.
8:17 of 2nd period - Chris Terry wins face-off versus Steven Lorentz in Checkers 1 zone.
8:30 of 2nd period - Wrist shot by Pavel Dorofeyev.
8:30 of 2nd period - Stopped by Matt Tomkins with a rebound.
8:42 of 2nd period - Ryan Shea is hit by Karson Kuhlman and loses puck.
9:10 of 2nd period - Kevin Connauton is hit by Bobby Trivigno and loses puck.
10:00 of 2nd period - Icing by Steven Lorentz.
10:01 of 2nd period - Chris Terry wins face-off versus Givani Smith in Checkers 1 zone.
10:08 of 2nd period - Snap shot by Pavel Dorofeyev.
10:08 of 2nd period - Shot Misses the Net.
11:01 of 2nd period - Alex Green is hit by Pavel Dorofeyev and loses puck.
11:51 of 2nd period - Bobby Trivigno is hit by Ryan Shea and loses puck.
11:58 of 2nd period - Ryan Shea is hit by Luke Prokop and loses puck.
12:13 of 2nd period - Wrist shot by Chris Terry.
12:13 of 2nd period - Shot Misses the Net.
12:59 of 2nd period - MacKenzie Entwistle is hit by Givani Smith.
14:25 of 2nd period - Mitchell Stephens is hit by Jayson Megna and loses puck.
14:52 of 2nd period - Icing by Chris Terry.
14:53 of 2nd period - Sam Colangelo wins face-off versus Ethen Frank in Stars zone.
15:02 of 2nd period - Wrist shot by Jakub Lauko.
15:02 of 2nd period - Stopped by Matt Tomkins with a rebound.
16:21 of 2nd period - Tyler Pitlick is hit by Steven Lorentz and loses puck.
17:53 of 2nd period - Bobby Trivigno is hit by Drake Caggiula and loses puck.
Goals for this period are 0 for Stars vs 0 for Checkers 1.
Shots for this period are 5 for Stars vs 1 for Checkers 1.
3rd period
0:01 of 3rd period - Givani Smith wins face-off versus MacKenzie Entwistle in neutral zone.
0:06 of 3rd period - Snap shot by Bobby Trivigno.
0:06 of 3rd period - Stopped by Matthew Murray without a rebound.
0:07 of 3rd period - MacKenzie Entwistle wins face-off versus Givani Smith in Stars zone.
0:12 of 3rd period - Steven Lorentz is hit by Tyler Pitlick and loses puck.
0:23 of 3rd period - Slapshot by Tyler Pitlick.
0:23 of 3rd period - Goal by Tyler Pitlick - Stars : 2 - Checkers 1 : 0.
0:24 of 3rd period - MacKenzie Entwistle wins face-off versus Givani Smith in neutral zone.
0:27 of 3rd period - Maxence Guenette is hit by MacKenzie Entwistle and loses puck.
0:37 of 3rd period - Jayson Megna is hit by Bobby Trivigno and loses puck.
1:19 of 3rd period - Wrist shot by MacKenzie Entwistle.
1:19 of 3rd period - Shot Blocked by Chase Priskie.
1:21 of 3rd period - Slapshot by Jake Livingstone.
1:21 of 3rd period - Stopped by Matt Tomkins without a rebound.
1:22 of 3rd period - Chris Terry wins face-off versus Givani Smith in Checkers 1 zone.
1:48 of 3rd period - Ethen Frank is hit by Jack Finley.
2:08 of 3rd period - Wrist shot by Semyon Der-Arguchintsev.
2:08 of 3rd period - Shot Misses the Net.
3:26 of 3rd period - Icing by Tyler Pitlick.
3:27 of 3rd period - Ethen Frank wins face-off versus Jack Finley in Stars zone.
3:34 of 3rd period - Snap shot by Drake Caggiula.
3:34 of 3rd period - Stopped by Matt Tomkins with a rebound.
3:55 of 3rd period - Snap shot by Pavel Dorofeyev.
3:55 of 3rd period - Stopped by Matt Tomkins with a rebound.
3:57 of 3rd period - Wrist shot by Jakub Lauko.
3:57 of 3rd period - Stopped by Matt Tomkins without a rebound.
3:58 of 3rd period - MacKenzie Entwistle wins face-off versus Jack Finley in Checkers 1 zone.
4:05 of 3rd period - Snap shot by MacKenzie Entwistle.
4:05 of 3rd period - Shot Blocked by Alex Green.
4:07 of 3rd period - Slapshot by Isaak Phillips.
4:07 of 3rd period - Shot Blocked by Alex Green.
4:09 of 3rd period - Snap shot by MacKenzie Entwistle.
4:09 of 3rd period - Shot Misses the Net.
4:13 of 3rd period - Snap shot by MacKenzie Entwistle.
4:13 of 3rd period - Stopped by Matt Tomkins with a rebound.
4:28 of 3rd period - Calle Rosen is hit by Alex Green and loses puck.
5:07 of 3rd period - Tyler Pitlick is hit by Chase Priskie and loses puck.
5:18 of 3rd period - Snap shot by Jack Finley.
5:18 of 3rd period - Stopped by Matthew Murray with a rebound.
5:20 of 3rd period - Slapshot by Sean Day.
5:20 of 3rd period - Shot Misses the Net.
5:22 of 3rd period - Snap shot by Givani Smith.
5:22 of 3rd period - Deflect By Jayson Megna.
5:22 of 3rd period - Stopped by Matthew Murray without a rebound.
5:23 of 3rd period - Chris Terry wins face-off versus Jack Finley in Stars zone.
5:23 of 3rd period - Ryan Shea is hit by Givani Smith and loses puck.
5:34 of 3rd period - Slapshot by Maxence Guenette.
5:34 of 3rd period - Shot Misses the Net.
5:53 of 3rd period - Drake Caggiula is hit by Martin Chromiak.
6:37 of 3rd period - Slapshot by Tyler Pitlick.
6:37 of 3rd period - Shot Hit the Post.
6:51 of 3rd period - Wrist shot by Ethen Frank.
6:51 of 3rd period - Stopped by Matt Tomkins with a rebound.
6:53 of 3rd period - Slapshot by Kevin Connauton.
6:53 of 3rd period - Shot Misses the Net.
7:03 of 3rd period - Snap shot by Pavel Dorofeyev.
7:03 of 3rd period - Shot Blocked by Givani Smith.
7:05 of 3rd period - Slapshot by Kevin Connauton.
7:05 of 3rd period - Stopped by Matt Tomkins without a rebound.
7:06 of 3rd period - Chris Terry wins face-off versus Givani Smith in Checkers 1 zone.
7:15 of 3rd period - Snap shot by Jakub Lauko.
7:15 of 3rd period - Shot Blocked by Bobby Trivigno.
7:17 of 3rd period - Slapshot by Jakub Lauko.
7:17 of 3rd period - Shot Blocked by Sean Day.
7:19 of 3rd period - Slapshot by Ryan Shea.
7:19 of 3rd period - Shot Misses the Net.
7:29 of 3rd period - Isaak Phillips is hit by Sean Day and loses puck.
7:48 of 3rd period - Ryan Shea is hit by Semyon Der-Arguchintsev and loses puck.
7:59 of 3rd period - MacKenzie Entwistle is hit by Givani Smith and loses puck.
8:04 of 3rd period - Snap shot by Mitchell Stephens.
8:04 of 3rd period - Stopped by Matthew Murray without a rebound.
8:05 of 3rd period - Chris Terry wins face-off versus Jack Finley in Stars zone.
8:12 of 3rd period - Wrist shot by Mitchell Stephens.
8:12 of 3rd period - Shot Misses the Net.
8:14 of 3rd period - Slapshot by Jack Finley.
8:14 of 3rd period - Shot Misses the Net.
8:27 of 3rd period - Icing by Sean Day.
8:28 of 3rd period - Ethen Frank wins face-off versus Semyon Der-Arguchintsev in Checkers 1 zone.
8:37 of 3rd period - Jesper Froden is hit by Martin Chromiak and loses puck.
8:45 of 3rd period - Off-side.
8:46 of 3rd period - Givani Smith wins face-off versus MacKenzie Entwistle in neutral zone.
8:51 of 3rd period - Slapshot by Chase Priskie.
8:51 of 3rd period - Shot Blocked by Jayson Megna.
9:01 of 3rd period - Wrist shot by Tyler Pitlick.
9:01 of 3rd period - Shot Blocked by Devante Stephens.
9:03 of 3rd period - Slapshot by Tyler Pitlick.
9:03 of 3rd period - Shot Misses the Net.
9:15 of 3rd period - Slapshot by Bobby Trivigno.
9:15 of 3rd period - Shot Blocked by Ryan Shea.
9:21 of 3rd period - Chase Priskie is hit by Jakub Lauko and loses puck.
9:32 of 3rd period - Slapshot by Drake Caggiula.
9:32 of 3rd period - Goal by Drake Caggiula - Stars : 3 - Checkers 1 : 0.
9:33 of 3rd period - MacKenzie Entwistle wins face-off versus Givani Smith in neutral zone.
9:38 of 3rd period - Slapshot by Tyler Pitlick.
9:38 of 3rd period - Stopped by Matt Tomkins without a rebound.
9:39 of 3rd period - MacKenzie Entwistle wins face-off versus Givani Smith in Checkers 1 zone.
9:42 of 3rd period - Wrist shot by Jayson Megna.
9:42 of 3rd period - Stopped by Matt Tomkins without a rebound.
9:43 of 3rd period - MacKenzie Entwistle wins face-off versus Givani Smith in Checkers 1 zone.
9:46 of 3rd period - Snap shot by Tyler Pitlick.
9:46 of 3rd period - Stopped by Matt Tomkins with a rebound.
10:02 of 3rd period - Slapshot by MacKenzie Entwistle.
10:02 of 3rd period - Deflect By Jayson Megna.
10:02 of 3rd period - Shot Blocked by Sean Day.
10:02 of 3rd period - Puck is out of play.
10:03 of 3rd period - Semyon Der-Arguchintsev wins face-off versus Chris Terry in Checkers 1 zone.
10:14 of 3rd period - Slapshot by Chase Priskie.
10:14 of 3rd period - Stopped by Matthew Murray with a rebound.
10:30 of 3rd period - Steven Lorentz is hit by Jayson Megna and loses puck.
10:43 of 3rd period - Kevin Connauton is hit by Bobby Trivigno and loses puck.
10:56 of 3rd period - Sean Day is hit by Jesper Froden and loses puck.
12:40 of 3rd period - Joe Hicketts is hit by Givani Smith and loses puck.
12:53 of 3rd period - Icing by Chase Priskie.
12:54 of 3rd period - Ethen Frank wins face-off versus Sam Colangelo in Checkers 1 zone.
13:03 of 3rd period - Snap shot by Drake Caggiula.
13:03 of 3rd period - Goal by Drake Caggiula - Stars : 4 - Checkers 1 : 0.
13:04 of 3rd period - Givani Smith wins face-off versus MacKenzie Entwistle in neutral zone.
13:16 of 3rd period - Givani Smith and Ryan Shea fight to a draw.
13:16 of 3rd period - Penalty to Givani Smith for Fighting.
13:16 of 3rd period - Penalty to Ryan Shea for Fighting.
13:17 of 3rd period - MacKenzie Entwistle wins face-off versus Martin Chromiak in Checkers 1 zone.
13:30 of 3rd period - Slapshot by Chase Priskie.
13:30 of 3rd period - Stopped by Matthew Murray with a rebound.
13:32 of 3rd period - Slapshot by Maxence Guenette.
13:32 of 3rd period - Shot Blocked by Jake Livingstone.
13:42 of 3rd period - Chase Priskie is hit by Chris Terry and loses puck.
14:05 of 3rd period - Wrist shot by Drake Caggiula.
14:05 of 3rd period - Shot Blocked by Maxence Guenette.
14:07 of 3rd period - Wrist shot by Drake Caggiula.
14:07 of 3rd period - Shot Hit the Post.
14:19 of 3rd period - Slapshot by Maxence Guenette.
14:19 of 3rd period - Stopped by Matthew Murray with a rebound.
15:02 of 3rd period - Snap shot by Drake Caggiula.
15:02 of 3rd period - Goal by Drake Caggiula - Stars : 5 - Checkers 1 : 0.
15:03 of 3rd period - MacKenzie Entwistle wins face-off versus Semyon Der-Arguchintsev in neutral zone.
15:28 of 3rd period - Mitchell Stephens is hit by Jake Livingstone and loses puck.
16:09 of 3rd period - Sean Day is hit by Tyler Pitlick and loses puck.
16:56 of 3rd period - Minor Penalty to Tyler Pitlick for Delaying the game.
16:57 of 3rd period - Martin Chromiak wins face-off versus Jesper Froden in Stars zone.
17:46 of 3rd period - Maxence Guenette is hit by Drake Caggiula and loses puck.
18:16 of 3rd period - Penalty to Ryan Shea is over, Ryan Shea is back on ice.
18:35 of 3rd period - Slapshot by Givani Smith.
18:35 of 3rd period - Shot Blocked by Ryan Shea.
18:56 of 3rd period - Penalty to Tyler Pitlick is over, Tyler Pitlick is back on ice.
19:00 of 3rd period - Icing by Ryan Shea.
19:01 of 3rd period - Semyon Der-Arguchintsev wins face-off versus MacKenzie Entwistle in Stars zone.
19:26 of 3rd period - Wrist shot by Tyler Pitlick.
19:26 of 3rd period - Shot Misses the Net.
19:50 of 3rd period - Wrist shot by Pavel Dorofeyev.
19:50 of 3rd period - Shot Blocked by Chase Priskie.
Goals for this period are 4 for Stars vs 0 for Checkers 1.
Shots for this period are 14 for Stars vs 7 for Checkers 1.